 Dungeon Sprint DCSS version 0.27-a0-1006-g1fd4cec11e (webtiles) character file.

Game seed: 11736364384906841350

16967 mhtbhm the Sorcerer (level 12, -8/60 HPs)
             Began as a Deep Elf Earth Elementalist on Apr 17, 2021.
             Was the Champion of Vehumet.
             Killed from afar by a fire dragon (49 damage)
             ... with a blast of flame
             ... in the Dungeon (Sprint IX: "|||||||||||||||||||||||||||||").
             The game lasted 00:10:47 (4670 turns).

mhtbhm the Sorcerer (Deep Elf Earth Elementalist)   Turns: 4670, Time: 00:10:48

Health: -8/60      AC:  7    Str:  6    XL:     12   Next: 14%
Magic:  39/51      EV: 17    Int: 25    God:    Vehumet [******]
Gold:   562        SH:  0    Dex: 11    Spells: 21/60 levels left

rFire    . . .     SeeInvis .   y - staff of cold
rCold    + + .     Faith    .   (no shield)
rNeg     . . .     Spirit   .   c - +1 robe "Vunatt" {rF+ rCorr MP+9 Dex-4}
rPois    .         Reflect  .   F - +1 helmet
rElec    .         Harm     .   (no cloak)
rCorr    +         Rampage  .   m - +0 pair of gloves
Will     +....     NoTele   +   n - +0 pair of boots
Stlth    +++.......             (no amulet)
HPRegen  0.20/turn              B - ring of ice
MPRegen  0.32/turn              p - +2 ring of evasion

@: no status effects
A: no striking features
a: Renounce Religion


You were in the Dungeon.
You worshipped Vehumet.
Vehumet was exalted by your worship.
You visited 1 branch You collected 1868 gold pieces.
You spent 1306 gold pieces at shops.

Inventory:

Hand Weapons
 a - a +4 quarterstaff of speed
Missiles
 b - 29 stones
 z - 6 curare-tipped darts (quivered)
Armour
 c - the +1 robe "Vunatt" (worn) {rF+ rCorr MP+9 Dex-4}
   (You found it in the Dungeon)

   It affects your dexterity (-4).
   It protects you from fire.
   It affects your magic capacity (+9).
   It protects you from acid and corrosion.
 m - a +0 pair of gloves (worn)
 n - a +0 pair of boots (worn)
 F - a +1 helmet (worn)
Magical Staves
 y - a staff of cold (weapon)
Jewellery
 o - a +3 ring of dexterity
 p - a +2 ring of evasion (right hand)
 B - a ring of ice (left hand)
 C - a ring of fire
 D - a ring of poison resistance
 E - a ring of see invisible
Wands
 k - a wand of acid (6)
 A - a wand of charming (9)
Scrolls
 i - 5 scrolls of blinking
 j - 2 scrolls of amnesia
 r - a scroll of enchant weapon
 s - 6 scrolls of enchant armour
 u - a scroll of fog
 x - a scroll of identify
Potions
 d - 7 potions of curing
 e - 10 potions of heal wounds
 f - 2 potions of haste
 g - 3 potions of magic
 h - 3 potions of berserk rage
 l - a potion of invisibility
 q - a potion of might
 t - a potion of ambrosia {unknown}
 w - a potion of cancellation


   Skills:
 + Level 0.4 Fighting
 + Level 9.0 Dodging
 + Level 5.3 Stealth
 + Level 24.6 Spellcasting
 + Level 3.3 Conjurations
 + Level 3.3 Transmutations
 + Level 0.3 Air Magic
 + Level 20.9 Earth Magic
 + Level 0.8 Poison Magic
 + Level 2.6 Evocations


You had 21 spell levels left.
You knew the following spells:

 Your Spells              Type           Power      Damage    Failure   Level
a - Sandblast             Erth           100%       2d20      0%          1
b - Passwall              Tmut/Erth      62%        N/A       0%          2
c - Stone Arrow           Conj/Erth      100%       3d13      0%          3
d - Petrify               Tmut/Erth      75%        N/A       1%          4
e - Lee's Rapid Deconstr  Erth           47%        3d23*     0%          5
f - Mephitic Cloud        Conj/Pois/Air  38%        N/A       1%          3
g - Sticky Flame          Conj/Fire      39%        2d6       1%          4
h - Iron Shot             Conj/Erth      37%        9d7       1%          6
i - Bolt of Magma         Conj/Fire/Erth 31%        4d14      1%          5
j - Freezing Cloud        Conj/Ice/Air   35%        6-21      26%         6

Your spell library contained the following spells:

 Spells                   Type           Power      Damage    Failure   Level
 Eringya's Noxious Bog    Tmut/Pois      20%        N/A       19%         6
 Ice Form                 Ice/Tmut       73%        N/A       5%          4
 Summon Ice Beast         Ice/Summ       62%        N/A       11%         4
 Simulacrum               Ice/Necr       31%        N/A       86%         6
 Ozocubu's Refrigeration  Ice            31%        4d11      89%         7


Dungeon Overview and Level Annotations

Branches:
Dungeon (1/1)

Altars:
Cheibriados
Dithmenos
Elyvilon
Fedhas
Gozag
Hepliaklqana
Kikubaaqudgha
Makhleb
Nemelex Xobeh
Okawaru
Qazlal
Ru
Sif Muna
Trog
Uskayaw
Vehumet
Wu Jian
Xom
Yredelemnul
Zin
The Shining One
Beogh
Jiyva
Lugonu

Shops:
D (*:(


Message History

The cane toad is engulfed in freezing vapours.
The cane toad seems to slow down.
You kill the cane toad!
Vehumet accepts your kill.
You feel your power returning.
The cane toad's shape twists and changes as it dies.
Casting: Freezing Cloud (quite dangerous; 26% risk of failure)
Confirm with . or Enter, or press ? or * to list all spells.
Aiming: Lee's Rapid Deconstruction (safe; 0% risk of failure)
Press: ? - help, Dir - move target, f - fire dragon, p - cyclops Fragment what (e.g. wall or brittle monster)?: a fire dragon (freezing vapour, moderately wounded)
An open door to the Dungeon.
The stone door frame shatters!
The blast of rock fragments hits the fire dragon!!
The fire dragon is heavily wounded.
The blast of rock fragments hits the purple ugly thing!
The purple ugly thing is severely wounded.
The purple ugly thing kicks you!
The cyclops is engulfed in freezing vapours. x2
The fire dragon is engulfed in freezing vapours.
Unknown command.
Unknown command.
Casting: Lee's Rapid Deconstruction (safe; 0% risk of failure)
Confirm with . or Enter, or press ? or * to list all spells.
Aiming: Lee's Rapid Deconstruction (safe; 0% risk of failure)
Press: ? - help, Dir - move target, f/p - fire dragon Fragment what (e.g. wall or brittle monster)?: a fire dragon (freezing vapour, severely wounded)
An open door to the Dungeon.
The stone door frame shatters!
The blast of rock fragments hits the fire dragon!!
The fire dragon is almost dead.
The blast of rock fragments hits the purple ugly thing!!!
You kill the purple ugly thing!
Vehumet accepts your kill.
You feel your power returning.
The fire dragon is engulfed in freezing vapours.
The fire dragon breathes flames at you. The blast of flame hits you!!!
Ouch! That really hurt!
You die...

......÷'.........'...........)'..
▓▓▓▓▓▓▓▓▓▓▓▓▓▓▓▓▓▓▓▓▓▓▓▓▓▓▓▓▓▓▓▓▓
.........)..................)....
▓▓▓▓▓▓▓▓▓▓▓▓▓▓▓▓▓▓▓▓▓▓▓▓▓▓▓▓▓▓▓▓▓
))))).........)[[.....∩.∩[∩[∩....
▓▓▓▓▓▓▓▓▓▓▓▓▓▓▓▓▓▓▓▓▓▓▓▓▓▓▓▓▓▓▓▓▓
.........))...)..................
▓▓▓▓▓▓▓▓▓▓▓▓▓▓▓▓▓▓▓▓▓▓▓▓▓▓▓▓▓▓▓▓▓
[[[[[[[[........@.D§§CC§Q
▓▓▓▓▓▓▓▓▓▓▓▓▓▓▓▓▓▓▓▓▓▓▓▓▓


You could see a fire dragon (catching breath) and 2 cyclopes.

Vanquished Creatures
  2 catoblepae (D)
  3 centaur warriors (D)
  2 two-headed ogres (D)
  2 death yaks (D)
  Erica (D)
  Sonja (D)
  9 orc knights (D)
  An ugly thing (D)
  A manticore (D)
  A cane toad (shapeshifter) (D)
  A cane toad (D)
  Psyche (D)
  A tengu conjurer (D)
  2 blink frogs (D)
  7 yaks (D)
  Eustachio (D)
  A wraith (D)
  7 water moccasins (D)
  An acid dragon (D)
  A black bear (D)
  18 orc warriors (D)
  A necrophage (D)
  A wolf (D)
  4 bullfrogs (D)
  A killer bee (D)
  A hound (D)
  3 orc priests (D)
  5 orc wizards (D)
  5 orcs (D)
  2 endoplasms (D)
  A giant cockroach (D)
  A hobgoblin (D)
  A ball python (D)
  A jackal skeleton (D)
  A jackal zombie (D)
92 creatures vanquished.

Notes
Turn   | Place    | Note
-------+----------+-------------------------------------------
     0 | D        | mhtbhm the Deep Elf Earth Elementalist began the quest for
                  | the Orb.
     0 | D        | Reached XP level 1. HP: 10/10 MP: 6/6
   280 | D        | Noticed a black bear
   280 | D        | Noticed a necrophage
   280 | D        | Noticed a hound
   284 | D        | Killed a black bear
   285 | D        | Reached skill level 6 in Spellcasting
   285 | D        | Reached XP level 2. HP: 15/15 MP: 3/11
   285 | D        | Reached XP level 3. HP: 19/19 MP: 3/13
   285 | D        | Reached XP level 4. HP: 24/24 MP: 3/14
   300 | D        | Killed a necrophage
   301 | D        | Reached skill level 5 in Dodging
   301 | D        | Reached skill level 8 in Spellcasting
   301 | D        | Reached XP level 5. HP: 22/28 MP: 13/17
   307 | D        | Learned a level 2 spell: Passwall
   311 | D        | Learned a level 3 spell: Stone Arrow
   316 | D        | Learned a level 4 spell: Petrify
   322 | D        | Learned a level 5 spell: Lee's Rapid Deconstruction
   377 | D        | Found a snail-covered altar of Cheibriados.
   377 | D        | Found a shadowy altar of Dithmenos.
   377 | D        | Found a white marble altar of Elyvilon.
   377 | D        | Found a blossoming altar of Fedhas.
   377 | D        | Found an opulent altar of Gozag.
   378 | D        | Found a hazy altar of Hepliaklqana.
   379 | D        | Found a viscous altar of Jiyva.
   380 | D        | Found an ancient bone altar of Kikubaaqudgha.
   381 | D        | Found a corrupted altar of Lugonu.
   382 | D        | Found a burning altar of Makhleb.
   383 | D        | Found a sparkling altar of Nemelex Xobeh.
   384 | D        | Found an iron altar of Okawaru.
   385 | D        | Found a stormy altar of Qazlal.
   386 | D        | Found a sacrificial altar of Ru.
   387 | D        | Found a shimmering blue altar of Sif Muna.
   388 | D        | Found a bloodstained altar of Trog.
   389 | D        | Found a hide-covered altar of Uskayaw.
   390 | D        | Found a radiant altar of Vehumet.
   391 | D        | Found an ornate altar of the Wu Jian Council.
   392 | D        | Found a shimmering altar of Xom.
   393 | D        | Found a basalt altar of Yredelemnul.
   394 | D        | Found a glowing silver altar of Zin.
   395 | D        | Found a glowing golden altar of the Shining One.
   398 | D        | Became a worshipper of Vehumet
   448 | D        | Noticed an acid dragon
   448 | D        | Noticed an orc warrior
   448 | D        | Noticed a wraith
   448 | D        | Noticed a two-headed ogre
   451 | D        | Reached skill level 9 in Spellcasting
   451 | D        | Reached skill level 10 in Earth Magic
   451 | D        | Killed an acid dragon
   452 | D        | Reached skill level 10 in Spellcasting
   452 | D        | Reached XP level 6. HP: 19/32 MP: 8/21
   453 | D        | Killed an orc warrior
   453 | D        | Reached * piety under Vehumet
   453 | D        | Offered knowledge of Foxfire by Vehumet.
   454 | D        | Reached skill level 11 in Spellcasting
   455 | D        | Killed a wraith
   456 | D        | Reached skill level 12 in Spellcasting
   456 | D        | Reached XP level 7. HP: 31/36 MP: 2/24
   460 | D        | Killed a two-headed ogre
   460 | D        | Reached ** piety under Vehumet
   461 | D        | Reached skill level 14 in Spellcasting
   461 | D        | Reached XP level 8. HP: 21/41 MP: 0/28
   618 | D        | Noticed a centaur warrior
   618 | D        | Noticed a two-headed ogre
   618 | D        | Noticed a centaur warrior
   618 | D        | Noticed a manticore
   618 | D        | Noticed a tengu conjurer
   618 | D        | Noticed a centaur warrior
   621 | D        | Killed a centaur warrior
   622 | D        | Reached skill level 16 in Spellcasting
   622 | D        | Reached skill level 1 in Evocations
   623 | D        | Killed a centaur warrior
   623 | D        | Killed a two-headed ogre
   624 | D        | Reached skill level 18 in Spellcasting
   624 | D        | Reached skill level 15 in Earth Magic
   624 | D        | Reached XP level 9. HP: 25/45 MP: 8/33
   624 | D        | Killed a tengu conjurer
   624 | D        | Reached *** piety under Vehumet
   626 | D        | Killed a manticore
   628 | D        | Killed a centaur warrior
   629 | D        | Reached skill level 19 in Spellcasting
   629 | D        | Reached XP level 10. HP: 45/50 MP: 2/35
   887 | D        | Offered knowledge of Static Discharge by Vehumet.
   887 | D        | Reached **** piety under Vehumet
  1087 | D        | Offered knowledge of Frozen Ramparts by Vehumet.
  1154 | D        | Reached ***** piety under Vehumet
  1155 | D        | Reached skill level 5 in Stealth
  1358 | D        | Offered knowledge of Mephitic Cloud by Vehumet.
  1490 | D        | Learned a level 3 spell: Mephitic Cloud
  1493 | D        | Noticed a cane toad
  1496 | D        | Offered knowledge of Iskenderun's Battlesphere by Vehumet.
  1497 | D        | Reached skill level 20 in Spellcasting
  1497 | D        | Reached skill level 1 in Conjurations
  1504 | D        | Killed a cane toad
  1725 | D        | Offered knowledge of Sticky Flame by Vehumet.
  1752 | D        | Reached ****** piety under Vehumet
  1917 | D        | Noticed a catoblepas
  1917 | D        | Noticed a death yak
  1917 | D        | Noticed a catoblepas
  1921 | D        | Noticed a death yak
  1922 | D        | Killed a death yak
  1922 | D        | Killed a catoblepas
  1923 | D        | Reached skill level 21 in Spellcasting
  1923 | D        | Reached XP level 11. HP: 46/55 MP: 24/38
  2164 | D        | Learned a level 4 spell: Sticky Flame
  2169 | D        | Killed a catoblepas
  2169 | D        | Offered knowledge of Starburst by Vehumet.
  2172 | D        | Killed a death yak
  2173 | D        | Reached skill level 22 in Spellcasting
  2441 | D        | Noticed Eustachio
  2445 | D        | Killed Eustachio
  2676 | D        | Offered knowledge of Irradiate by Vehumet.
  2682 | D        | Noticed an orc knight
  2684 | D        | Killed an orc knight
  2835 | D        | Offered knowledge of Iron Shot by Vehumet.
  2846 | D        | Learned a level 6 spell: Iron Shot
  2855 | D        | Noticed an orc knight
  2864 | D        | Killed an orc knight
  2868 | D        | Noticed an orc knight
  2934 | D        | Killed an orc knight
  2934 | D        | Offered knowledge of Bolt of Magma by Vehumet.
  3044 | D        | Learned a level 5 spell: Bolt of Magma
  3343 | D        | Reached skill level 23 in Spellcasting
  3514 | D        | Found Rigeaqih's Weapon Emporium.
  3514 | D        | Noticed an orc knight
  3514 | D        | Noticed an orc knight
  3523 | D        | Killed an orc knight
  3539 | D        | Killed an orc knight
  3542 | D        | Offered knowledge of Orb of Destruction by Vehumet.
  3965 | D        | Noticed an orc knight
  3973 | D        | Killed an orc knight
  4089 | D        | Found Nyoschia's Assorted Antiques.
  4093 | D        | Found Lahe's Book Emporium.
  4097 | D        | Found Gaduv's Antique Weapon Shoppe.
  4100 | D        | Noticed an orc knight
  4101 | D        | Noticed an orc knight
  4106 | D        | Killed an orc knight
  4107 | D        | Noticed an orc knight
  4113 | D        | Killed an orc knight
  4126 | D        | Killed an orc knight
  4127 | D        | Reached skill level 24 in Spellcasting
  4127 | D        | Reached XP level 12. HP: 60/60 MP: 0/42
  4405 | D        | Bought a book of Ice for 845 gold pieces
  4407 | D        | Bought a fizzy black potion for 27 gold pieces
  4407 | D        | Bought a scroll of identify for 62 gold pieces
  4407 | D        | Bought a curved smoking staff for 372 gold pieces
  4455 | D        | Noticed Sonja
  4456 | D        | Noticed Erica
  4460 | D        | Killed Erica
  4463 | D        | Noticed Psyche
  4466 | D        | Killed Sonja
  4466 | D        | Offered knowledge of Eringya's Noxious Bog by Vehumet.
  4466 | D        | Killed Psyche
  4614 | D        | Got the +1 robe "Vunatt" {rF+ rCorr MP+9 Dex-4}
  4666 | D        | Learned a level 6 spell: Freezing Cloud
  4666 | D        | Noticed a fire dragon
  4666 | D        | Noticed a tengu warrior
  4670 | D        | Killed from afar by a fire dragon

Illustrated notes

Levels and vault maps discovered:
D:        linesprint [early_d, line_temple, items_1, d_10, items_2, lair_1,
          lair_end, items_3, orc_1, orc_end, items_4, d_15, swamp_1, shoals_1,
          snake_1, spider_1, d_20, vaults_1, items_5, swamp_end, shoals_end,
          snake_end, spider_end, vaults_end, d_27, items_6, zot_1, zot_end,
          crypt_end, forest_end, elf_end, slime_end, tomb_end, abyss_end,
          pan_hell_end]

Skill      XL: |  1  2  3  4  5  6  7  8  9 10 11 |
---------------+----------------------------------+-----
Stealth        | 4 5 |  5.3
Earth Magic    | 7 9 11 12 13 15 16 18 20 | 20.9
Dodging        | 4 5 6 7 8 9 |  9.0
Spellcasting   | 6 8 10 12 14 18 19 21 24 | 24.6
Evocations     | 2 |  2.6
Conjurations   | 2 3 |  3.3
Transmutations | 3 |  3.3
Fighting       | |  0.4
Air Magic      | |  0.3
Poison Magic   | |  0.8

Action                   |  1- 3 |  4- 6 |  7- 9 | 10-12 || total
-------------------------+-------+-------+-------+-------++-------
 Cast: Sandblast         |     9 |    11 |     5 |     8 ||    33
       Lee's Rapid Decon |       |     3 |     6 |    76 ||    85
       Stone Arrow       |       |       |       |    24 ||    24
       Petrify           |       |       |       |    14 ||    14
       Mephitic Cloud    |       |       |       |     1 ||     1
       Freezing Cloud    |       |       |       |     1 ||     1
Evoke: Wand              |       |       |     2 |     2 ||     4
  Use: Potion            |       |     2 |     1 |       ||     3
       Scroll            |       |       |       |     2 ||     2
Armor: Robe              |     1 |     1 |     1 |     1 ||     4
Dodge: Dodged            |     5 |     5 |     9 |    19 ||    38

Table legend: (Time is in decaauts)
 A = Elapsed time spent in this place.
 B = Non-inter-level travel time spent in this place.
 C = Inter-level travel time spent in this place.
 D = Time resting spent in this place.
 E = Time spent auto-exploring this place.
 F = Levels seen in this place.
 G = Mean time per level.
                   A        B        C        D        E       F      G
               +--------+--------+--------+--------+--------+-----+--------+
         Total |   4667 |   4667 |      0 |   3431 |    343 |   1 | 4667.0 |
       Dungeon |   4667 |   4667 |      0 |   3431 |    343 |   1 | 4667.0 |
               +--------+--------+--------+--------+--------+-----+--------+

Top non-repeatable levels by time:
       D: 4667 daAuts
